 Dungeon Crawl Stone Soup version 0.29-a0-789-g7a8fcbc185 (webtiles) character file.

Game seed: 16243417772700494840

37 Pooter the Trooper (level 3, -1/33 HPs)
             Began as a Minotaur Fighter on July 2, 2022.
             Slain by Crazy Yiuf
             ... wielding a +4 quarterstaff of chaos
              (7 damage)
             ... on level 2 of the Dungeon.
             The game lasted 00:07:50 (1181 turns).

Pooter the Trooper (Minotaur Fighter)               Turns: 1181, Time: 00:07:51

Health: -1/33      AC:  9    Str: 22    XL:     3   Next: 21%
Magic:  2/2        EV:  7    Int:  5    God:
Gold:   93         SH:  4    Dex:  9    Spells: 2/2 levels left

rFire   . . .      SeeInvis .   a - +1 war axe (freeze)
rCold   . . .      Faith    .   c - +0 buckler
rNeg    . . .      Spirit   .   o - +0 chain mail
rPois   .          Reflect  .   (helmet restricted)
rElec   .          Harm     .   (no cloak)
rCorr   .          Rampage  .   (no gloves)
Will    .....                   (no boots)
Stlth   ..........              (no amulet)
HPRegen 0.11/turn               (no ring)
MPRegen 0.08/turn               (no ring)

@: mighty, hasted, very quick
A: horns 2, retaliatory headbutt
a: no special abilities


You were on level 2 of the Dungeon.
You visited 1 branch of the dungeon, and saw 2 of its levels.

You collected 93 gold pieces.

Inventory:

Hand Weapons
 a - a +1 war axe of freezing (weapon)
 b - a +0 sling
   (You found it on level 1 of the Dungeon)
Missiles
 i - 6 atropa-tipped darts
 k - 6 poisoned darts
 Q - 15 stones (quivered)
Armour
 c - a +0 buckler (worn)
 o - a +0 chain mail (worn)
   (You found it on level 1 of the Dungeon)
Scrolls
 h - a scroll of vulnerability {!r}
 t - a scroll of teleportation {@r4}
Potions
 d - a potion of might
 e - a potion of curing {unknown}
 f - 2 potions of mutation {!q}
 g - a potion of heal wounds {unknown}
 l - a potion of brilliance {unknown}


   Skills:
 + Level 4.2 Fighting
 * Level 3.9 Axes
 + Level 0.1 Ranged Weapons
 - Level 3.6 Armour
 - Level 3.6 Shields


You had 2 spell levels left.
You didn't know any spells.
Your spell library was empty.

Dungeon Overview and Level Annotations

Branches:
Dungeon (2/15)

Altars:

Shops:
D:1 [

Annotations:
D:2 Crazy Yiuf


Innate Abilities, Weirdness & Mutations

You have a pair of horns on your head.
You reflexively headbutt those who attack you in melee.


Message History

You shoot a sling bullet.
The sling bullet barely misses the endoplasm.
You shoot a sling bullet.
The sling bullet hits the endoplasm but does no damage.
You shoot a sling bullet. The sling bullet hits the endoplasm.
You kill the endoplasm!
Your +1 war axe of freezing glows with a cold blue light!
a - a +1 war axe of freezing (weapon)
Your +1 war axe of freezing stops glowing.
b - a +0 sling (weapon)
Found a stone staircase leading up.
Found 13 gold pieces.
Found 11 gold pieces.
Found 5 stones.
You now have 80 gold pieces (gained 11).
Q - 15 stones (gained 5)
You now have 93 gold pieces (gained 13).
Found 6 atropa-tipped darts.
i - 6 atropa-tipped darts
Found a hammer.
Crazy Yiuf shouts!
Here: Crazy Yiuf, wielding a +4 quarterstaff of chaos and wearing a +0 cloak of poison resistance (fire blocked by a runed translucent door)
The floor.
Unknown command.
Unknown command.
Unknown command.
Your +1 war axe of freezing glows with a cold blue light!
a - a +1 war axe of freezing (weapon)
Okay, then.
Okay, then.
You open the door. You hit Crazy Yiuf but do no damage.
You headbutt Crazy Yiuf. You block Crazy Yiuf's attack.
You hit Crazy Yiuf. You freeze Crazy Yiuf. Crazy Yiuf barely misses you.
Crazy Yiuf hits you with a +4 quarterstaff of chaos.
Crazy Yiuf freezes you.
You barely miss Crazy Yiuf.
Crazy Yiuf hits you with a +4 quarterstaff of chaos!
* * * LOW HITPOINT WARNING * * *
You resist with significant effort.
You hit Crazy Yiuf. You freeze Crazy Yiuf.
Crazy Yiuf hits you but does no damage.
You feel very mighty all of a sudden.
Unknown command.
You hit Crazy Yiuf. You freeze Crazy Yiuf. Your headbutt misses Crazy Yiuf.
Crazy Yiuf hits you with a +4 quarterstaff of chaos!
* * * LOW HITPOINT WARNING * * *
You feel yourself speed up.
Crazy Yiuf hits you with a +4 quarterstaff of chaos!
You die...

##.####### ##
#........#
....###..#####.#
........## ###.###.#
#.....# ####..####
### #...#.## ###..)#
###......####@g...#
............#..##...#
#####...#..#.### ###
##.####### #..# #...#
#..... +....


You could see Crazy Yiuf.

Vanquished Creatures
  5 endoplasms
  A giant cockroach (D:1)
  5 goblins
  A hobgoblin (D:1)
  3 kobolds (D:1)
  2 quokkas (D:1)
  7 ball pythons (D:1)
  3 bats
  3 frilled lizards
  3 rats (D:1)
33 creatures vanquished.

Notes
Turn   | Place    | Note
-------+----------+-------------------------------------------
     0 | D:1      | Pooter the Minotaur Fighter began the quest for the Orb.
     0 | D:1      | Reached XP level 1. HP: 19/19 MP: 0/0
   147 | D:1      | Reached XP level 2. HP: 13/27 MP: 1/1
   318 | D:1      | Found Togan's Antique Armour Emporium.
   340 | D:1      | Reached skill level 4 in Fighting
   713 | D:1      | Reached XP level 3. HP: 33/33 MP: 2/2
   861 | D:1      | Found a faded altar of an unknown god.
  1171 | D:2      | Found a runed translucent door.
  1172 | D:2      | Noticed Crazy Yiuf
  1181 | D:2      | Slain by Crazy Yiuf

Illustrated notes

Levels and vault maps discovered:
D:1:      dpeg_arrival_lava_temple_mockup, layout_rooms, serial_shops,
          nicolae_square_shop, ebering_ecumenical_altar_box
D:2:      layout_loops_corners, uniq_crazy_yiuf_cottage

Skill      XL: |  1  2 |
---------------+-------+-----
Axes           | 3 |  3.9
Fighting       | 4 |  4.2
Ranged Weapons | |  0.1
Armour         | |  3.6
Shields        | |  3.6

Action                   || total
-------------------------++-------
Melee: War axe           ||    64
       Headbutt          ||     5
 Fire: Sling             ||    15
Throw: Stone             ||     4
  Use: Scroll            ||     8
Armor: Scale mail        ||    21
       Chain mail        ||     6
Dodge: Dodged            ||    31
Block: Buckler           ||    16

Table legend: (Time is in decaauts)
 A = Elapsed time spent in this place.
 B = Non-inter-level travel time spent in this place.
 C = Inter-level travel time spent in this place.
 D = Time resting spent in this place.
 E = Time spent auto-exploring this place.
 F = Levels seen in this place.
 G = Mean time per level.
                   A        B        C        D        E       F      G
               +--------+--------+--------+--------+--------+-----+--------+
         Total |   1214 |   1180 |     34 |    176 |    745 |   2 |  607.0 |
       Dungeon |   1214 |   1180 |     34 |    176 |    745 |   2 |  607.0 |
               +--------+--------+--------+--------+--------+-----+--------+

Top non-repeatable levels by time:
     D:1: 930 daAuts
     D:2: 283 daAuts
